 Dungeon Crawl Stone Soup version 0.21-a0-38-g95c5c02 (webtiles) character file.

582 HAL9000 the Changer (level 7, 0/52 HPs)
             Began as a Purple Draconian Transmuter on May 29, 2017.
             Killed from afar by Blork the orc (7 damage)
             ... with a magic dart
             ... on level 4 of the Dungeon.
             The game lasted 00:11:16 (4910 turns).

HAL9000 the Changer (Purple Draconian Transmuter)   Turns: 4910, Time: 00:11:17

Health: 0/52       AC:  2    Str: 13    XL:     7   Next: 14%
Magic:  8/10       EV: 20    Int: 14    God:
Gold:   214        SH:  0    Dex: 19    Spells: 4/10 levels left

rFire    + . .     SeeInvis .     - Unarmed
rCold    . . .     Gourm    .   (shield currently unavailable)
rNeg     . . .     Faith    .   (armour unavailable)
rPois    x         Spirit   .   (helmet currently unavailable)
rElec    .         Reflect  .   (cloak currently unavailable)
rCorr    .         Harm     .   (gloves currently unavailable)
MR       +....                  (boots currently unavailable)
Stlth    ++........             (no amulet)
Regen    0.2/turn               d - ring of protection from fire
MPRegen  0.2/turn               x - +1 ring of evasion

@: spider-form (expiring)
A: (breathe power), unfitting armour, agile 1, AC +6
a: End Transformation


You were on level 4 of the Dungeon.
You were not hungry.
You were a venomous arachnid creature.
You visited 1 branch of the dungeon, and saw 4 of its levels.

You collected 214 gold pieces.

Inventory:

Missiles
 a - 47 arrows
 y - 4 tomahawks (quivered)
Armour
 v - a +0 buckler (melded)
Jewellery
 d - a ring of protection from fire (left front leg)
 l - an uncursed amulet of guardian spirit
 s - an uncursed ring of protection from cold
 x - a +1 ring of evasion (right front leg)
Scrolls
 e - 5 scrolls of identify {unknown}
 f - 8 scrolls of remove curse {unknown}
 k - 4 scrolls of teleportation {unknown}
 n - a scroll of fog {unknown}
 r - 2 scrolls of recharging {unknown}
 u - a scroll of enchant weapon {unknown}
Potions
 i - 2 potions of brilliance
 w - a potion of haste {unknown}
 z - a potion of resistance {unknown}
 A - a potion of might {unknown}
 C - 2 potions of berserk rage {unknown}
Books
 b - a book of Changes

   Spells                             Type                      Level
   a - Beastly Appendage              Transmutation                1
   b - Sticks to Snakes               Transmutation                2
   c - Spider Form                    Transmutation/Poison         3
   d - Ice Form                       Ice/Transmutation            4
   e - Blade Hands                    Transmutation                5
Comestibles
 c - 6 bread rations
 o - a fruit
 B - 5 chunks of flesh


   Skills:
 - Level 1.1 Fighting
 - Level 1.7 Dodging
 + Level 2.9 Shields
 + Level 5.1 Unarmed Combat
 - Level 2.4 Spellcasting
 * Level 5.9 Transmutations


You had 4 spell levels left.
You knew the following spells:

 Your Spells              Type           Power        Failure   Level  Hunger
a - Beastly Appendage     Tmut           ###...       8%          1    #......
b - Sticks to Snakes      Tmut           ###.....     11%         2    ###....
c - Spider Form           Tmut/Pois      #.........   41%         3    ###....


Dungeon Overview and Level Annotations

Branches:
Dungeon (4/15)
 Temple: D:4-7

Altars:
Fedhas
Hepliaklqana

Shops:
D:4 *

Annotations:
D:4 Blork the orc


Innate Abilities, Weirdness & Mutations

((You can breathe bolts of dispelling energy.))
((Your rich purple scales are hard. (AC +6)))
You cannot fit into any form of body armour.
((You are cold-blooded and may be slowed by cold attacks.))
((Your tail ends in a poisonous barb.))
You are agile. (Dex +2)
((Your flesh is cold resistant. (rC+)))


Message History

The hound is heavily wounded.
Your transformation is almost over.
The hound closely misses you.
Blork the orc comes into view.
He is wielding a short sword.
You completely miss the hound.
The hound is heavily wounded.
Blork the orc shouts!
The hound misses you. The hound bites you.
* * * LOW HITPOINT WARNING * * *
You bite the hound!
You kill the hound!
Blork the orc mumbles some strange words.
Blork the orc seems to speed up.
Blork the orc casts a spell at you. The magic dart hits you!
* * * LOW HITPOINT WARNING * * *
Blork the orc begins to cast a cantrip, but forgets the words!
Blork the orc points at you and mumbles some strange words.
The magic dart hits you!
You die...

........≈≈≈≈≈.≈≈≈≈.##............
........≈≈≈≈≈.≈≈≈≈.##............
..............≈≈≈≈...............
........≈≈≈≈........#####+##'####
........≈≈≈≈.≈≈≈≈≈.## #.........
##..###.≈≈≈≈.≈≈≈≈≈.#####.........
....# .≈≈≈≈.≈≈≈≈≈...............
#...###. ≈≈≈.≈≈≈≈≈.##########'###
................s.....o)...†.....
######...#######.#######.####>.##
## #.# #.# #....
#.#######.#####..#
#.......)......#.#
#########.#....#.# #.#.####.#
#......... #####.....o...


You could see Blork the orc.

Vanquished Creatures
  The ghost of blackwizard the Gusty, an amateur TrAE (D:3)
  An ogre (D:4)
  A scorpion (D:4)
  A howler monkey (D:3)
  4 hounds (D:4)
  A hound zombie (D:3)
  10 adders
  A worm (D:2)
  A dart slug (D:3)
  3 leopard geckos
  7 orcs
  6 giant cockroaches
  9 goblins
  11 hobgoblins
  17 jackals
  2 quokkas
  10 bats
  4 frilled lizards
  8 kobolds
  5 rats
103 creatures vanquished.

Notes
Turn   | Place    | Note
-------+----------+-------------------------------------------
     0 | D:1      | HAL9000 the Draconian Transmuter began the quest for the Orb.
     0 | D:1      | Reached XP level 1. HP: 16/16 MP: 3/3
   148 | D:1      | Reached XP level 2. HP: 23/23 MP: 3/5
   753 | D:1      | Reached XP level 3. HP: 28/28 MP: 6/6
  1330 | D:1      | Learned a level 2 spell: Sticks to Snakes
  1334 | D:1      | Learned a level 3 spell: Spider Form
  1658 | D:2      | Reached XP level 4. HP: 23/35 MP: 4/7
  1930 | D:2      | Found a hazy altar of Hepliaklqana.
  2532 | D:2      | Found a faded altar of an unknown god.
  3127 | D:3      | Reached XP level 5. HP: 40/40 MP: 4/8
  3139 | D:3      | Reached skill level 1 in Shields
  3687 | D:3      | Noticed blackwizard's ghost (amateur TrAE)
  3707 | D:3      | Gained mutation: Your tail ends in a poisonous barb. [potion of mutation]
  3707 | D:3      | Gained mutation: You are agile. (Dex +2) [potion of mutation]
  3707 | D:3      | Gained mutation: Your flesh is cold resistant. (rC+) [potion of mutation]
  3724 | D:3      | HP: 2/40 [blackwizard's ghost/zap (8)]
  3728 | D:3      | Killed blackwizard's ghost
  3728 | D:3      | Reached skill level 5 in Transmutations
  3728 | D:3      | Reached XP level 6. HP: 6/47 MP: 1/9
  4284 | D:4      | Found Emudig's Assorted Antiques.
  4289 | D:4      | Found a blossoming altar of Fedhas.
  4901 | D:4      | Reached skill level 5 in Unarmed Combat
  4901 | D:4      | Your scales start taking on a rich purple colour.
  4901 | D:4      | Reached XP level 7. HP: 16/52 MP: 7/10
  4903 | D:4      | Noticed Blork the orc
  4910 | D:4      | Killed from afar by Blork the orc

Vault maps used:
D:1:      tarquinn_simple_flora_water_e
D:2:      nicolae_overflow_hidden_temple, first_bread,
          chequers_ecumenical_altar_twisty
D:4:      fedhas_altar_3, serial_shops, shop, minmay_misc_feat_five,
          minivault_14, uniq_blork_the_orc

Skill      XL: |  1  2  3  4  5  6 |
---------------+-------------------+-----
Transmutations | 3 4 5 |  5.9
Unarmed Combat | 4 5 |  5.1
Shields        | 1 2 |  2.9
Fighting       | |  1.1
Dodging        | |  1.7
Spellcasting   | |  2.4

Action                   |  1- 3 |  4- 6 |  7- 9 || total
-------------------------+-------+-------+-------++-------
Melee: Unarmed           |   154 |   256 |     3 ||   413
       Headbutt          |     6 |     7 |       ||    13
       Tailslap          |    15 |    21 |       ||    36
       Kick              |     6 |    15 |       ||    21
Throw: Tomahawk          |       |     1 |       ||     1
 Cast: Beastly Appendage |    21 |    25 |       ||    46
       Sticks to Snakes  |     1 |     6 |       ||     7
       Spider Form       |       |     3 |       ||     3
  Use: Potion            |       |     5 |       ||     5
 Stab: Sleeping          |     5 |       |       ||     5
  Eat: Chunk             |     3 |    12 |       ||    15
Armor: Skin              |    58 |    69 |       ||   127
Dodge: Dodged            |   130 |   170 |     2 ||   302
Block: Buckler           |       |    31 |       ||    31
